 Dungeon Crawl Stone Soup version 0.18-a0-1639-g7533f42 (webtiles) character file.

496 dohliylev the Covert (level 6, 0/43 HPs)
             Began as a Vampire Enchanter on Mar 27, 2016.
             Slain by a giant frog skeleton (1 damage)
             ... on level 5 of the Dungeon.
             The game lasted 00:15:36 (2797 turns).

dohliylev the Covert (Vampire Enchanter)            Turns: 2797, Time: 00:15:37

Health: 0/43       AC:  4    Str:  7    XL:     6   Next: 93%
Magic:  0/9        EV:  8    Int: 18    God:
Gold:   73         SH:  0    Dex: 16    Spells: 2 memorised, 6 levels left

rFire  . . .     SeeInvis +     a - +1 dagger
rCold  + + +     Gourm    .     b - +1 robe
rNeg   + + +     Faith    .     (no shield)
rPois  ∞         Spirit   +     m - +0 helmet
rElec  .         Dismiss  .     (no cloak)
rCorr  .         Reflect  .     (no gloves)
SustAt .         Harm     .     (no boots)
MR     .....                    i - amulet of guardian spirit
Stlth  ++++++....               (no ring)
                                f - ring of protection from cold

@: bloodless, non-regenerating, not resistant to hostile enchantments, very
stealthy
A: fangs 3, see invisible, unbreathing
a: Bat Form


You were on level 5 of the Dungeon.
You were bloodless.

You visited 1 branch of the dungeon, and saw 7 of its levels.

You collected 73 gold pieces.

Inventory:

Hand Weapons
 a - a +1 dagger (weapon)
Missiles
 t - 17 poisoned needles
 u - 2 throwing nets (quivered)
Armour
 b - a +1 robe (worn)
 m - a +0 helmet (worn)
 o - a +0 cloak
 p - a +0 cloak
Jewellery
 f - a ring of protection from cold (left hand)
 h - an uncursed amulet of regeneration {unknown}
 i - an amulet of guardian spirit (around neck)
Wands
 n - a wand of slowing (24/48)
Scrolls
 e - 2 scrolls of immolation {unknown}
 g - a scroll of recharging {unknown}
 r - 2 scrolls of teleportation {unknown}
 s - a scroll of identify {unknown}
Potions
 d - 28 potions of blood
 j - 2 potions of curing {unknown}
 k - 2 potions of lignification {unknown}
 l - 2 potions of might {unknown}
Books
 c - a book of Maledictions

   Spells                             Type                      Level
   a - Corona                         Hexes                        1
   b - Ensorcelled Hibernation        Hexes/Ice                    2
   c - Confuse                        Hexes                        3
   d - Tukima's Dance                 Hexes                        3
   e - Dazzling Spray                 Conjuration/Hexes            3
 q - a book of Flames

   Spells                             Type                      Level
   a - Flame Tongue                   Conjuration/Fire             1
   b - Throw Flame                    Conjuration/Fire             2
   c - Conjure Flame                  Conjuration/Fire             3
   d - Inner Flame                    Hexes/Fire                   3
   e - Sticky Flame                   Conjuration/Fire             4
   f - Fireball                       Conjuration/Fire             5


   Skills:
 + Level 1.2 Fighting
 - Level 1.1 Short Blades
 - Level 2.1 Dodging
 * Level 11.3 Stealth
 - Level 2.0 Spellcasting
 - Level 4.4 Hexes
 + Level 1.5 Ice Magic


You had 6 spell levels left.
You knew the following spells:

 Your Spells              Type           Power        Failure   Level  Hunger
a - Corona                Hex            ###....      3%          1    #......
b - Ensorcelled Hibernat  Hex/Ice        ##....       12%         2    ###....


Dungeon Overview and Level Annotations

Branches:
Dungeon (7/15)
 Temple: D:4-7

Altars:

Annotations:
D:7 Dowan, Duvessa


Innate Abilities, Weirdness & Mutations

You do not heal naturally.
You are immune to poison.
You have razor-sharp teeth.
You have supernaturally acute eyesight.
You can survive without breathing.


Message History

You hear an indistinct dissonance whispering inside your mind.
You open the door. The iguana closely misses you.
The iguana hisses menacingly.
Found a scale mail.
There is an open door here.
A crimson imp and a skeleton come into view.
The crimson imp shouts!
The crimson imp blinks!
The crimson imp blinks!
There is an open door here.
Your magical contamination has completely faded away.
The crimson imp blinks!
The giant frog skeleton closely misses you.
The giant frog skeleton hits you.
The giant frog skeleton hits you but does no damage.
The giant frog skeleton hits you.
There is a stone staircase leading up here.
You can't go down here!
The giant frog skeleton hits you.
You die...

######### #.......#
#......@#####
#......Z....#
################l....##
§........5...l.........#
.#.......#######%....#..
.##.####.# ......# .
.5..# #.# ......# #####
#.######......#
########.....#.......#


You could see an iguana and a giant frog skeleton.

Vanquished Creatures
  A big kobold (D:6)
  A giant frog (D:6)
  3 crimson imps
  A giant frog zombie (D:6)
  A jelly (D:6)
  2 orc wizards (D:6)
  A worker ant (D:6)
  A hound skeleton (D:6)
  A howler monkey skeleton (D:6)
  3 adders
  An ooze (D:3)
  2 giant geckos
  3 orcs
  2 giant cockroaches
  11 goblins
  2 hobgoblins (D:1)
  3 jackals (D:3)
  2 quokkas (D:6)
  7 bats
  A giant gecko skeleton (D:5)
  2 giant newts (D:1)
  7 kobolds
  8 rats
66 creatures vanquished.

Vanquished Creatures (others)
  A bush (D:6)
  A plant (D:6)
2 creatures vanquished.

Grand Total: 68 creatures vanquished

Notes
Turn   | Place    | Note
--------------------------------------------------------------
     0 | D:1      | dohliylev the Vampire Enchanter began the quest for the Orb.
     0 | D:1      | Reached XP level 1. HP: 13/13 MP: 3/3
   180 | D:1      | Reached skill level 5 in Stealth
   239 | D:1      | Reached XP level 2. HP: 17/19 MP: 5/5
   252 | D:1      | Learned a level 2 spell: Ensorcelled Hibernation
   821 | D:1      | Reached skill level 6 in Stealth
  1090 | D:3      | Reached XP level 3. HP: 24/24 MP: 6/6
  1188 | D:3      | Found a faded altar to an unknown god.
  1604 | D:5      | Entered Level 5 of the Dungeon
  1604 | D:5      | Noticed a phantom
  1636 | D:5      | Reached skill level 7 in Stealth
  1636 | D:5      | Reached XP level 4. HP: 31/31 MP: 7/7
  1821 | D:7      | Noticed Duvessa
  1821 | D:7      | Noticed Dowan
  1821 | D:7      | Noticed an ogre
  1862 | D:6      | Reached skill level 8 in Stealth
  1901 | D:6      | Reached skill level 1 in Fighting
  1901 | D:6      | Reached XP level 5. HP: 25/37 MP: 5/8
  1941 | D:6      | Reached skill level 9 in Stealth
  2122 | D:6      | Reached skill level 10 in Stealth
  2122 | D:6      | Reached XP level 6. HP: 39/43 MP: 9/9
  2287 | D:7      | Noticed a sky beast
  2327 | D:6      | Reached skill level 11 in Stealth
  2327 | D:6      | Reached skill level 1 in Ice Magic
  2728 | D:5      | HP: 1/43 [iguana (2)]
  2797 | D:5      | Slain by a giant frog skeleton

Vault maps used:
D:1:      dpeg_arrival_concentric_ovals, serial_forest,
          infiniplex_forest_clump_medium, infiniplex_forest_clump_curved,
          infiniplex_forest_clump_small, infiniplex_forest_lined_3_way,
          infiniplex_forest_straight_3
D:2:      gammafunk_temple_overflow_elements, first_bread
D:3:      ecumenical_altar_1, kennysheep_generic_room_2
D:5:      minmay_goblin_kobold_castle, nicolae_overflow_hidden_temple
D:6:      lexackson_kobold_supper
D:7:      minmay_temple_entry_glass, grunt_livestock,
          minmay_misc_feat_four_crosses, tso_altar, uniq_duvessa

Skill      XL: |  1  2  3  4  5  6 |
---------------+-------------------+-----
Stealth        | 5 6 7 8 10 11 | 11.3
Fighting       | 1 |  1.2
Ice Magic      | 1 |  1.5
Short Blades   | |  1.1
Dodging        | |  2.1
Spellcasting   | |  2.0
Hexes          | |  4.4

Action                   |  1- 3 |  4- 6 || total
-------------------------+-------+-------++-------
Melee: Dagger            |    80 |   215 ||   295
 Cast: Ensorcelled Hiber |     7 |    26 ||    33
       Corona            |     1 |     1 ||     2
 Abil: End Transformatio |       |     1 ||     1
       Bat Form          |       |     1 ||     1
 Stab: Sleeping          |    16 |    25 ||    41
